 Dungeon Sprint DCSS version 0.31-a0-188-g5e087ee2ca (webtiles) character file.

Game seed: 8139870320311884335

245 Conn the Arsonist (level 6, -3/37 HPs)
             Began as an Octopode Fire Elementalist on June 22, 2023.
             Slain by a wyvern (9 damage)
             ... in the Dungeon (Sprint II: "The Violet Keep of Menkaure").
             The game lasted 00:01:38 (141 turns).

Conn the Arsonist (Octopode Fire Elementalist)       Turns: 141, Time: 00:01:38

Health: -3/37      AC:  1    Str:  7    XL:     6   Next: 10%
Magic:  2/13       EV: 14    Int: 19    God:
Gold:   243        SH:  0    Dex: 13    Spells: 5/15 levels left

rFire   . . .        (no weapon)
rCold   . . .        (no shield)
rNeg    . . .        (helmet restricted)
rPois   .            (no amulet)
rElec   .            (no ring)
rCorr   .            (no ring)
SInv    .            (no ring)
Will    .....        (no ring)
Stlth   ++++         (no ring)
HPRegen 0.26/turn    (no ring)
MPRegen 0.13/turn    (no ring)
                     (no ring)

%: no teleportation
@: no status effects
A: almost no armour, amphibious, 8 rings, camouflage 1, gelatinous body 1,
(nimble swimmer 1), tentacles
a: no special abilities


You were in the Dungeon.
You visited 1 branch You collected 243 gold pieces.

Inventory:

Scrolls
 f - a scroll of blinking
Potions
 a - 3 potions of magic
 b - a potion of curing


   Skills:
 + Level 0.6 Fighting
 + Level 5.0 Dodging
 + Level 6.2 Stealth
 + Level 5.1 Spellcasting
 + Level 1.7 Conjurations
 + Level 9.3 Fire Magic


You had 5 spell levels left.
You knew the following spells:

 Your Spells              Type           Power      Damage    Failure   Level
a - Foxfire               Conj/Fire      100%       2x1d9     1%          1
b - Scorch                Fire           80%        2d8       1%          2
c - Inner Flame           Hex/Fire       22%        N/A       5%          3
d - Flame Wave            Conj/Fire      26%        2d8       12%         4

Your spell library contained the following spells:

 Spells                   Type           Power      Damage    Failure   Level
 Volatile Blastmotes      Fire/Tloc      44%        2d13      5%          3


Dungeon Overview and Level Annotations

Branches:
Dungeon (1/1)

Altars:


Innate Abilities, Weirdness & Mutations

You cannot wear most types of armour.
You are amphibious.
You can wear up to eight rings at the same time.
Your skin changes colour to match your surroundings (Stealth+).
Your rubbery body absorbs attacks. (AC +1, EV +1)
((You are camouflaged when in or above water. (Stealth+)))
You have tentacles for arms and can constrict up to eight enemies at once.


Message History

Okay, then.
Unknown command.
Casting: Inner Flame (dangerous; 5% risk of failure)
Confirm with . or Enter, or press ? or * to list all spells.
Flames lash the wyvern.
The wyvern hisses angrily.
The wyvern is moderately wounded.
The wyvern's fire resistance burns away.
The wyvern hisses angrily.
Unknown command.
Casting: Scorch (safe; 1% risk of failure)
Confirm with . or Enter, or press ? or * to list all spells.
Aiming: Inner Flame (dangerous; 5% risk of failure)
Press: ? - help, Dir - move target, f - wyvern
Aim: a wyvern (chance to affect: 78%)
The wyvern is filled with an inner flame.
The wyvern bites you!!
Unknown command.
Casting: Inner Flame (dangerous; 5% risk of failure)
Confirm with . or Enter, or press ? or * to list all spells.
Flames lash the wyvern.
The wyvern is burned terribly!
The wyvern is heavily wounded.
The wyvern bites you. The wyvern completely misses you.
Unknown command.
Casting: Scorch (safe; 1% risk of failure)
Confirm with . or Enter, or press ? or * to list all spells.
Flames lash the wyvern.
The wyvern is burned terribly!
The wyvern is almost dead.
The wyvern completely misses you.
Unknown command.
Casting: Scorch (safe; 1% risk of failure)
Confirm with . or Enter, or press ? or * to list all spells.
Flames lash the wyvern.
Flame seeps out of the wyvern.
The wyvern is moderately wounded.
The wyvern's fire resistance burns away.
The wyvern bites you!
* * * LOW HITPOINT WARNING * * *
The wyvern is engulfed in blazing flames.
Flame seeps out of the wyvern.
The wyvern bites you!
You die...

###
#+###.##
##.##...#
+.<.†##.+
##@##...#
#l###.##
l#. ###
.# #. ##
##


You could see 2 wyverns.

Vanquished Creatures
  4 necrophages (D)
4 creatures vanquished.

Vanquished Creatures (others)
  12 foxfires (D)
12 creatures vanquished.

Grand Total: 16 creatures vanquished

Notes
Turn   | Place    | Note
-------+----------+-------------------------------------------
     0 | D        | Conn the Octopode Fire Elementalist began the quest for the
                  | Orb.
     0 | D        | Reached XP level 1. HP: 11/11 MP: 3/3
     1 | D        | Noticed a necrophage
     1 | D        | Noticed a necrophage
     1 | D        | Noticed a necrophage
     1 | D        | Noticed a necrophage
     8 | D        | Killed a necrophage
     9 | D        | Reached skill level 6 in Fire Magic
     9 | D        | Reached XP level 2. HP: 13/17 MP: 3/6
     9 | D        | Reached XP level 3. HP: 17/21 MP: 4/8
     9 | D        | Reached XP level 4. HP: 21/27 MP: 4/9
    17 | D        | Killed a necrophage
    18 | D        | Reached skill level 5 in Stealth
    18 | D        | Reached skill level 7 in Fire Magic
    18 | D        | Reached XP level 5. HP: 5/31 MP: 4/11
    25 | D        | Reached skill level 8 in Fire Magic
    33 | D        | Reached skill level 5 in Dodging
    33 | D        | Reached skill level 5 in Spellcasting
    33 | D        | Reached skill level 9 in Fire Magic
    33 | D        | Reached XP level 6. HP: 12/37 MP: 0/13
    45 | D        | Learned a level 2 spell: Scorch
    49 | D        | Learned a level 3 spell: Inner Flame
    54 | D        | Learned a level 4 spell: Flame Wave
   136 | D        | Noticed a wyvern
   136 | D        | Noticed a wyvern
   141 | D        | Slain by a wyvern

Illustrated notes

Levels and vault maps discovered:
D:        the_violet_keep_of_menkaure [sprint2_stairs_cluster_1,
          sprint2_shoproom, sprint2_temple, sprint2_basic_supplies,
          sprint2_obstacle_6, sprint2_obstacle_5, sprint2_obstacle_4,
          sprint2_obstacle_1, sprint2_obstacle_3, sprint2_timed_cluster_1,
          sprint2_smallroom_cluster_1, sprint2_smallroom_final_cluster_1,
          sprint2_transparent_cluster_1, sprint2_second_timed_cluster_1,
          sprint2_sniper_area_1, sprint2_heavy_combat_area_1,
          sprint2_mutation_trap_area_1, sprint2_forest_area_1,
          sprint2_light_combat_area_1, sprint2_behind_water_1,
          sprint2_near_end_vault_1]

Skill      XL: |  1  2  3  4  5 |
---------------+----------------+-----
Dodging        | 3 4 5 |  5.0
Stealth        | 4 5 6 |  6.2
Spellcasting   | 3 4 5 |  5.1
Fire Magic     | 6 7 9 |  9.3
Fighting       | |  0.6
Conjurations   | |  1.7

Action                     |  1- 3 |  4- 6 || total
---------------------------+-------+-------++-------
  Melee: Unarmed           |     5 |    15 ||    20
         Constrict         |     1 |     3 ||     4
         Tentacles         |     1 |     3 ||     4
         Punch             |       |     1 ||     1
   Cast: Foxfire           |       |     6 ||     6
         Scorch            |       |     4 ||     4
         Inner Flame       |       |     1 ||     1
    Use: Potion            |     2 |     1 ||     3
 Armour: Skin              |       |     4 ||     4
  Dodge: Dodged            |     1 |     6 ||     7

Table legend: (Time is in decaauts)
 A = Elapsed time spent in this place.
 B = Non-inter-level travel time spent in this place.
 C = Inter-level travel time spent in this place.
 D = Time resting spent in this place.
 E = Time spent auto-exploring this place.
 F = Levels seen in this place.
 G = Mean time per level.
                   A        B        C        D        E       F      G
               +--------+--------+--------+--------+--------+-----+--------+
         Total |    131 |    131 |      0 |     77 |      0 |   1 |  131.0 |
       Dungeon |    131 |    131 |      0 |     77 |      0 |   1 |  131.0 |
               +--------+--------+--------+--------+--------+-----+--------+

Top non-repeatable levels by time:
       D: 131 daAuts
